 Dungeon Crawl Stone Soup version 0.24-a0-736-g4e6fe308c7 (webtiles) character file.

Game seed: 1977809298210426857, levelgen mode: deterministic

36 Kairok the Sneak (level 3, -2/18 HPs)
             Began as a Vine Stalker Assassin on Oct 2, 2019.
             Slain by a worker ant (6 damage)
             ... on level 2 of the Dungeon.
             The game lasted 00:01:05 (1022 turns).

Kairok the Sneak (Vine Stalker Assassin)            Turns: 1022, Time: 00:01:06

Health: -2/18      AC:  6    Str: 13    XL:     3   Next: 37%
Magic:  0/4        EV: 10    Int: 11    God:
Gold:   140        SH:  0    Dex: 18    Spells: 2/2 levels left

rFire    . . .     SeeInvis .   l - +3 dagger
rCold    . . .     Gourm    .   (no shield)
rNeg     . . .     Faith    .   m - +0 ring mail
rPois    .         Spirit   +   (no helmet)
rElec    .         Reflect  .   c - +0 cloak
rCorr    .         Harm     .   (no gloves)
MR       .....                  (no boots)
Stlth    +++.......             (no amulet)
HPRegen  0.06/turn              i - +2 ring of dexterity
MPRegen  0.09/turn              (no ring)

@: lethally poisoned (-2 -> -10)
A: fangs 2, magic shield, antimagic bite, no potion heal 3, rot immunity
a: no special abilities


You were on level 2 of the Dungeon.
You were not hungry.

You visited 1 branch of the dungeon, and saw 2 of its levels.

You collected 140 gold pieces.

Inventory:

Hand Weapons
 a - a +2 dagger
 l - a +3 dagger (weapon)
Missiles
 d - 8 poisoned darts (quivered)
 e - 2 curare-tipped darts
Armour
 b - a +0 robe
 c - a +0 cloak (worn)
 m - a +0 ring mail (worn)
Jewellery
 i - a +2 ring of dexterity (left hand)
Scrolls
 g - a scroll of remove curse
 h - a scroll of magic mapping {unknown}
Potions
 k - a potion of invisibility
Comestibles
 f - 4 rations


   Skills:
 + Level 1.9 Fighting
 + Level 2.0 Short Blades
 + Level 1.8 Throwing
 + Level 0.8 Dodging
 + Level 6.1 Stealth


You had 2 spell levels left.
You didn't know any spells.
Your spell library was empty.

Dungeon Overview and Level Annotations

Branches:
Dungeon (2/15)

Altars:
Ru


Innate Abilities, Weirdness & Mutations

You have extremely sharp teeth.
When hurt, damage is shared between your health and your magic reserves.
Your bite disrupts and absorbs the magic of your enemies.
Potions cannot restore your health.
You are immune to rotting.


Message History

You closely miss the worker ant. Your bite misses the worker ant.
The worker ant is heavily wounded.
The worker ant misses you.
You hit the worker ant but do no damage.
You bite the worker ant, but do no damage.
The worker ant is heavily wounded.
The worker ant bites you.
You are lethally poisoned!
The worker ant poisons you!
You hit the worker ant.
The worker ant is severely wounded.
* * * LOW HITPOINT WARNING * * *
You feel sick.
The worker ant bites you but does no damage.
You closely miss the worker ant.
You bite the worker ant, but do no damage.
The worker ant is severely wounded.
* * * LOW HITPOINT WARNING * * *
You feel sick. The worker ant bites you!
You die...

### ..# #.# #.# #
#.# #a# #### #.#
#@# ...# #.# #.#
.#.# #.# #.# .#.#
#.# #.# .#.# #.#
#.# .#.## #.# #.#
....####.# #.#
>........#######.#
#...###..........#


You could see a worker ant.

Vanquished Creatures
  A gnoll (D:1)
  A leopard gecko (D:1)
  3 bats (D:2)
  2 giant cockroaches
  A goblin (D:1)
  4 hobgoblins
  8 kobolds
  4 rats (D:1)
24 creatures vanquished.

Notes
Turn   | Place    | Note
-------+----------+-------------------------------------------
     0 | D:1      | Kairok the Vine Stalker Assassin began the quest for the
                  | Orb.
     0 | D:1      | Reached XP level 1. HP: 11/11 MP: 2/2
    90 | D:1      | Reached skill level 5 in Stealth
   125 | D:1      | Reached XP level 2. HP: 9/15 MP: 3/3
   459 | D:1      | Reached XP level 3. HP: 18/18 MP: 4/4
   753 | D:2      | Reached skill level 6 in Stealth
   927 | D:2      | Found a sacrificial altar of Ru.
  1022 | D:2      | Slain by a worker ant

Levels and vault maps discovered:
D:1:      minmay_arrival_checkered_box, layout_basic
D:2:      layout_basic, nicolae_overflow_hidden_temple, old_standard_altar,
          nicolae_ru_sacrificial_ziggurat, uniq_natasha

Skill      XL: |  1  2  3 |
---------------+----------+-----
Stealth        | 5 6 |  6.1
Short Blades   | 2 |  2.0
Fighting       | |  1.9
Throwing       | |  1.8
Dodging        | |  0.8

Action                   || total
-------------------------++-------
Melee: Dagger            ||    58
       Bite              ||    13
  Use: Scroll            ||     3
 Stab: Sleeping          ||     8
Armor: Robe              ||     2
       Ring mail         ||     6
Dodge: Dodged            ||    25

Table legend:
 A = Non-vault XP
 B = Vault XP
 C = Vault XP percentage of total XP
 D = Non-vault monster count
 E = Vault monster count
 F = Vault count percentage of total count
                 A         B        C        D         E       F
            +---------+---------+-------+---------+---------+-------
      Total |      52 |       0 |   0.0 |      24 |       0 |   0.0
            +---------+---------+-------+---------+---------+-------
        D:1 |      39 |       0 |   0.0 |      17 |       0 |   0.0
        D:2 |      13 |       0 |   0.0 |       7 |       0 |   0.0
            +---------+---------+-------+---------+---------+-------
